Map: Catalyst LE

Players

SpeCial - Winner!

  • Race: Terran Terran
  • League: Master
  • Spawn Location: 11:00

KignisVirgen

  • Race: Zerg Zerg
  • League: Master
  • Spawn Location: 5:00

VOD

Have the link to the VOD?

Description

Time

  • Played on: Feb. 1, 2018, 6:39 p.m.
  • Length: 4:26
Show
View Real Time Build Order
Export as new Build Order

SpeCial Terran - Winner!

Build Orders: Cyclone Opening, Reaper Expand 

Get SALT Encoding   

  12  0:00  SCV  
  13  0:12  SCV  
  14  0:19  Supply Depot  
  14  0:24  SCV  
  15  0:40  SCV  
  15  0:41  Barracks  
  16  0:45  Refinery  
  16  0:52  SCV  
  17  1:04  SCV  
  18  1:17  SCV  
  19  1:29  Reaper, Orbital Command  
  20  1:39  Command Center  
  20  1:52  Supply Depot  
  20  1:55  SCV  
  20  2:00  Marine  
  22  2:05  Factory  
  22  2:07  SCV  
  23  2:13  Refinery  
  23  2:18  Bunker  
  23  2:21  Marine  
  24  2:25  SCV  
  25  2:37  SCV  
  25  2:39  Marine  
  27  2:49  SCV  
  28  2:52  Cyclone  
  28  2:54  Supply Depot  
  31  3:06  Starport  
  31  3:10  Supply Depot  
  31  3:15  SCV  
  31  3:16  Supply Depot  
  32  3:32  Cyclone, SCV  
  35  3:35  Marine  
  35  3:39  Supply Depot  
  36  3:44  SCV  
  36  3:46  Starport Tech Lab  
  37  3:52  Marine  
  38  3:56  SCV  
  37  4:08  SCV  
Show
View Real Time Build Order
Export as new Build Order

KignisVirgen Zerg 

Build Orders: Pool Only, Ravager All-In 

Get SALT Encoding   

  12  0:25  Spawning Pool  
  11  0:30  Drone  
  11  0:31  Drone  
  11  0:32  Drone  
  14  0:36  Extractor  
  14  0:38  Extractor  
  14  0:42  Drone  
  13  0:53  Drone  
  14  1:05  Overlord  
  14  1:16  Roach Warren, Zergling x2  
  14  1:42  Overlord  
  14  1:55  Roach  
  14  1:56  Roach  
  14  1:59  Roach  
  20  2:10  Roach  
  22  2:17  Ravager x2  
  22  2:20  Ravager  
  25  2:31  Roach  
  27  2:42  Roach  
  28  2:46  Ravager  
  29  3:01  Ravager  
  30  3:10  Overlord  
  30  3:30  Roach  
  30  3:31  Roach  
  34  3:36  Ravager  
  35  3:48  Roach  
  34  4:06  Roach  
  26  4:21  Ravager  
Tags
 
Add a new tag
Caveats
  • Supply blocks, unpowered buildings, or Contaminate may cause inaccurate times.
  • Supply counts are checked every 10 seconds.